 Dungeon Crawl Stone Soup version 0.30-a0-223-gcb0039aa0c (webtiles) character file.

Game seed: 5796584052191810575

247 qw the Chopper (level 6, 0/39 HPs)
             Began as a Gargoyle Fighter on Oct 9, 2022.
             Killed from afar by Ijyb (20 damage)
             ... with a bolt of acid
             ... on level 4 of the Dungeon.
             The game lasted 00:01:18 (3157 turns).

qw the Chopper (Gargoyle Fighter)                   Turns: 3157, Time: 00:01:19

Health: 0/39       AC:  6    Str: 21    XL:     6   Next: 11%
Magic:  6/6        EV:  7    Int:  9    God:
Gold:   126        SH:  4    Dex:  9    Spells: 5/5 levels left

rFire   . . .      SeeInvis .    j - +0 war axe (vamp)
rCold   . . .      Faith    .    c - +0 buckler
rNeg    + . .      Spirit   .    h - +0 chain mail
rPois   inf        Reflect  .    (no helmet)
rElec   +          Harm     .    (no cloak)
rCorr   .          Rampage  .    (no gloves)
Will    .....                    k - +0 pair of boots
Stlth   ..........               (no amulet)
HPRegen 0.26/turn                (no ring)
MPRegen 0.10/turn                (no ring)

@: corroded
A: sickness immunity, AC +4, negative energy resistance 1, electricity
resistance, torment resistance 1, petrification resistance
a: no special abilities


You were on level 4 of the Dungeon.
You visited 1 branch of the dungeon, and saw 4 of its levels.

You collected 126 gold pieces.


Innate Abilities, Weirdness & Mutations

You are immune to sickness and miasma.
Your stone body is resilient. (AC +4)
You are immune to poison.
You resist negative energy. (rN+)
You are resistant to electric shocks. (rElec)
You are resistant to unholy torment.
You are immune to petrification.


   Skills:
 - Level 4.6 Fighting
 + Level 5.0 Axes
 - Level 3.2 Armour
 - Level 3.2 Shields


You had 5 spell levels left.
You didn't know any spells.
Your spell library was empty.

Inventory:

Hand Weapons
 j - a +0 vampiric war axe (weapon)
 m - a +0 flail
Armour
 c - a +0 buckler (worn)
 h - a +0 chain mail (worn)
 k - a +0 pair of boots (worn)
Scrolls
 i - a scroll of immolation {unknown}
 l - a scroll of identify
Potions
 a - a potion of heal wounds
 b - a potion of curing
 d - a potion of might
 e - a potion of magic {unknown}
 f - a potion of attraction {unknown}
 g - a potion of invisibility {unknown}
 p - a potion of mutation {unknown}
 q - a potion of berserk rage {unknown}

Dungeon Overview and Level Annotations

Branches:
Dungeon (4/15)
 Temple: D:4-7

Altars:
Makhleb
Trog
The Shining One

Annotations:
D:3 2 transporters, qw's ghost, amateur GrFi
D:4 1 runed translucent door, Ijyb; qw's ghost, amateur GrFi


Message History

You slash the goblin!
You kill the goblin!
Ijyb shouts!
You see here a +0 dagger.
3143 ||| Stepping ~*~*~tactically~*~*~ (hiding).
You start waiting.
Ijyb is nearby!
Ijyb zaps a wand.
The bolt of acid hits you but does no damage.
The acid corrodes you!
You see here a +0 dagger.
You barely miss Ijyb.
Ijyb zaps a wand.
The bolt of acid hits you!
You hit Ijyb.
You feel better.
Ijyb is moderately wounded.
Ijyb zaps a wand.
The bolt of acid hits you! The acid corrodes you!
Ijyb hits you but does no damage.
You slash Ijyb!
You feel better.
Ijyb is heavily wounded.
Ijyb closely misses you.
You closely miss Ijyb.
Ijyb is heavily wounded.
Ijyb hits you with a +0 club.
You closely miss Ijyb.
Ijyb is heavily wounded.
Ijyb hits you with a +0 club. x2
You barely miss Ijyb.
Ijyb is heavily wounded.
Ijyb hits you but does no damage.
You hit Ijyb but do no damage.
Ijyb is heavily wounded.
You block Ijyb's attack. x2
You hit Ijyb.
Ijyb is heavily wounded.
Ijyb barely misses you.
You closely miss Ijyb.
Ijyb is heavily wounded.
Ijyb zaps a wand.
The bolt of acid hits you!!
Ouch! That really hurt!
You die...

##..# ##..# #.
.#..###### #.##### .
.#.......# #.....# ..
.#.#####.# #.....# ...
.#.## #.....# ....
##.(# # #....(##.....
###.####.#
#.....g......
.........# #....@#
......#### #.....#
....#.# #.....#
....#.## #.....#####
..)....######..........
...........##.#...#####
...........##.#...#
.%.........##.#...#
............#.#...#


You could see Ijyb.

Vanquished Creatures
  Blork the orc (D:4)
  An orc wizard (D:3)
  A hound zombie (D:3)
  3 adders
  2 adder zombies (D:3)
  An adder skeleton (D:3)
  3 dart slugs
  10 orcs
  8 ball pythons
  4 bats
  9 endoplasms
  A giant cockroach (D:1)
  9 goblins
  6 hobgoblins
  3 jackals (D:1)
  4 kobolds
  3 quokkas
  3 ball python zombies (D:3)
  5 frilled lizards (D:1)
  6 rats
83 creatures vanquished.

Vanquished Creatures (others)
  A withered plant (D:3)
1 creature vanquished.

Grand Total: 84 creatures vanquished

Notes
Turn   | Place    | Note
-------+----------+-------------------------------------------
     0 | D:1      | qw the Gargoyle Fighter began the quest for the Orb.
     0 | D:1      | Reached XP level 1. HP: 14/14 MP: 1/1
     0 | D:1      | 0 ||| qw: Version: 0.2-a-17-g06abaee
     0 | D:1      | 0 ||| qw: Game counter: 2259
     0 | D:1      | 0 ||| qw: Always use a shield: true
     0 | D:1      | 0 ||| qw: God list: Okawaru
     0 | D:1      | 0 ||| qw: Allow faded altars: false
     0 | D:1      | 0 ||| qw: Do Orc after D:15 true
     0 | D:1      | 0 ||| qw: Do second Lair branch before Depths: true
     0 | D:1      | 0 ||| qw: Lair rune preference: random
     0 | D:1      | 0 ||| qw: Plans: Normal, Zot:1-4, God:TSO, Crypt, Tomb,
                  | Pan, Slime:5, Hells, Abyss, Orb
     0 | D:1      | 0 ||| PLANNING D:1-11
    30 | D:1      | Reached skill level 2 in Axes
   132 | D:1      | Found a faded altar of an unknown god.
   175 | D:1      | Reached XP level 2. HP: 19/19 MP: 2/2
   213 | D:1      | 213 ||| Stepping ~*~*~tactically~*~*~ (stealth).
   246 | D:1      | 246 ||| Stepping ~*~*~tactically~*~*~ (stealth).
   432 | D:1      | Reached skill level 3 in Axes
   509 | D:1      | 509 ||| Stepping ~*~*~tactically~*~*~ (stealth).
   523 | D:1      | Reached XP level 3. HP: 22/23 MP: 3/3
   872 | D:1      | 872 ||| UPGRADING to +0 pair of boots.
   877 | D:1      | 877 ||| READING scroll labelled OPSAPNE FODWAUTAN.
   878 | D:1      | 878 ||| READING scroll labelled FEDOEN NI ZIUTA.
   879 | D:1      | 879 ||| READING scroll labelled FYTSUS QOMAONK.
   880 | D:1      | 880 ||| READING scroll labelled VYETRU ATOWASS.
   881 | D:1      | 881 ||| READING 2 scrolls labelled QEMPEMP QAPORI.
   882 | D:1      | 882 ||| DRINKING 2 white potions.
   883 | D:1      | 883 ||| DRINKING 2 glowing orange potions.
   884 | D:1      | 884 ||| DROPPING potion of flight.
   885 | D:1      | 885 ||| DROPPING potion of brilliance.
   886 | D:1      | 886 ||| DROPPING scroll of amnesia.
  1245 | D:2      | Reached XP level 4. HP: 28/28 MP: 4/4
  1819 | D:2      | 1819 ||| UPGRADING to +0 chain mail.
  1829 | D:2      | 1829 ||| DROPPING +0 scale mail.
  1830 | D:2      | 1830 ||| READING scroll labelled YCRILLYFIRI.
  1992 | D:3      | Reached skill level 4 in Axes
  2006 | D:3      | 2006 ||| Stepping ~*~*~tactically~*~*~ (stealth).
  2007 | D:3      | 2007 ||| Stepping ~*~*~tactically~*~*~ (stealth).
  2008 | D:3      | 2008 ||| Stepping ~*~*~tactically~*~*~ (stealth).
  2113 | D:3      | 2113 ||| FLEEEEING.
  2132 | D:3      | 2132 ||| DROPPING +0 whip.
  2136 | D:3      | 2136 ||| Stepping ~*~*~tactically~*~*~ (stealth).
  2155 | D:3      | 2155 ||| Stepping ~*~*~tactically~*~*~ (stealth).
  2166 | D:3      | 2166 ||| Stepping ~*~*~tactically~*~*~ (stealth).
  2167 | D:3      | 2167 ||| Stepping ~*~*~tactically~*~*~ (stealth).
  2182 | D:3      | Reached XP level 5. HP: 18/32 MP: 5/5
  2381 | D:3      | Found a transporter.
  2384 | D:3      | Noticed qw's ghost (amateur GrFi)
  2498 | D:3      | Found a transporter.
  2570 | D:3      | Found a glowing golden altar of the Shining One.
  2792 | D:3      | Reached skill level 5 in Axes
  2905 | D:3      | 2905 ||| READING scroll labelled WAT QUEFION.
  2906 | D:3      | 2906 ||| READING scroll labelled YLAGHI VIBIHEU.
  2907 | D:3      | 2907 ||| DRINKING 2 fuming purple potions.
  2930 | D:4      | Found a bloodstained altar of Trog.
  2934 | D:4      | 2934 ||| Stepping ~*~*~tactically~*~*~ (stealth).
  2955 | D:4      | Found a runed translucent door.
  2956 | D:4      | Noticed qw's ghost (amateur GrFi)
  2987 | D:4      | Noticed Blork the orc
  3005 | D:4      | Killed Blork the orc
  3006 | D:4      | Reached XP level 6. HP: 32/39 MP: 6/6
  3059 | D:4      | 3059 ||| DROPPING +1 mace of holy wrath.
  3077 | D:4      | Found a burning altar of Makhleb.
  3129 | D:4      | Noticed Ijyb
  3130 | D:4      | 3130 ||| Stepping ~*~*~tactically~*~*~ (stealth).
  3137 | D:4      | 3137 ||| Stepping ~*~*~tactically~*~*~ (stealth).
  3143 | D:4      | 3143 ||| Stepping ~*~*~tactically~*~*~ (hiding).
  3157 | D:4      | Killed from afar by Ijyb

Levels and vault maps discovered:
D:1:      minmay_arrival_three_doors, layout_loops_ring,
          hellmonk_ecumenical_altar_lost_god, roderic_lattice_a
D:2:      layout_basic
D:3:      layout_basic, nicolae_tso_carved_into_rock, serial_undead,
          serial_undead_f, serial_undead_c, serial_undead_c, serial_undead_d,
          gammafunk_ghost_stat_death
D:4:      layout_basic, mainiacjoe_overflow_24_doors, bloody_trog,
          ebering_ghost_reflecting_pool, uniq_blork_the_orc, uniq_ijyb

Skill      XL: |  1  2  3  4  5 |
---------------+----------------+-----
Axes           | 2 3 4 5 |  5.0
Fighting       | 4 |  4.6
Armour         | |  3.2
Shields        | |  3.2

Action                   |  1- 3 |  4- 6 || total
-------------------------+-------+-------++-------
Melee: War axe           |   102 |   133 ||   235
Throw: Boomerang         |    29 |    31 ||    60
  Use: Scroll            |     5 |     3 ||     8
       Potion            |     2 |     1 ||     3
Armor: Scale mail        |    57 |     2 ||    59
       Chain mail        |       |    78 ||    78
Dodge: Dodged            |    42 |    36 ||    78
Block: Buckler           |    16 |    31 ||    47

Table legend:
 A = Non-vault XP
 B = Vault XP
 C = Vault XP percentage of total XP
 D = Non-vault monster count
 E = Vault monster count
 F = Vault count percentage of total count
                 A         B        C        D         E       F
            +---------+---------+-------+---------+---------+-------
      Total |     213 |     141 |  39.8 |      75 |       8 |   9.6
            +---------+---------+-------+---------+---------+-------
        D:1 |      50 |       0 |   0.0 |      31 |       0 |   0.0
        D:2 |      37 |       0 |   0.0 |      12 |       0 |   0.0
        D:3 |     105 |      42 |  28.6 |      26 |       7 |  21.2
        D:4 |      21 |      99 |  82.5 |       6 |       1 |  14.3
            +---------+---------+-------+---------+---------+-------
